TOP OF THE 1ST |
Ogden Raptors batting - Pitching for Billings Mustangs : LHP Brett Blevins
|
Pitching: LHP Brett Blevins
|
|
Batting: SHB Javy Franco
|
0-0: Ball 1-0: Ground out 6-3 (Groundball, 6, EV 88.1 MPH)
|
Batting: SHB Erick Hamburger
|
0-0: Foul Ball, location: 2F 0-1: Called Strike 0-2: Ball 1-2: Strikes out swinging
|
Batting: LHB Pedro Garza
|
0-0: Ball 1-0: Called Strike 1-1: Ball 2-1: Foul Ball, location: 2F 2-2: Ball 3-2: Fly out, F8 (Flyball, 78S, EV 93.1 MPH)
|
Top of the 1st over - 0 runs, 0 hits, 0 errors, 0 left on base; Ogden 0 - Billings 0 |
BOTTOM OF THE 1ST |
Billings Mustangs batting - Pitching for Ogden Raptors : RHP Drew Manderfield
|
Pitching: RHP Drew Manderfield
|
|
Batting: SHB Gustavo Froio
|
0-0: Ball 1-0: Foul Ball, location: 2F 1-1: Foul Ball, location: 2F 1-2: Strikes out swinging
|
Batting: RHB Will Trudeau
|
0-0: SINGLE (Line Drive, 89S, EV 106.9 MPH)
|
Batting: LHB Armando Arellano
|
0-0: Ball 1-0: Ball Will Trudeau steals 2nd base 2-0: Called Strike 2-1: Ball 3-1: Foul Ball, location: 2F 3-2: Ground out 6-3 (Groundball, P, EV 85.6 MPH) Will Trudeau to third
|
Batting: LHB Clint Hanninen
|
0-0: Ball 1-0: Ball 2-0: Ground out 4-3 (Groundball, 4, EV 86.2 MPH)
|
Bottom of the 1st over - 0 runs, 1 hit, 0 errors, 1 left on base; Ogden 0 - Billings 0 |
TOP OF THE 2ND |
Ogden Raptors batting - Pitching for Billings Mustangs : LHP Brett Blevins
|
Batting: RHB Brad Brady
|
0-0: Swinging Strike 0-1: Called Strike 0-2: Ball 1-2: Ball 2-2: Foul Ball, location: 2F 2-2: Ball 3-2: Ground out 6-3 (Groundball, 6, EV 83.1 MPH)
|
Batting: LHB Fernão Manta
|
0-0: Ball 1-0: Foul Ball, location: 2F 1-1: Foul Ball, location: 2F 1-2: Ground out 4-3 (Groundball, 34, EV 103.1 MPH)
|
Batting: RHB Felipe Rivera
|
0-0: Ball 1-0: Ball 2-0: Ball 3-0: Base on Balls
|
Batting: SHB Alex Noval
|
0-0: Called Strike 0-1: Ball 1-1: Called Strike 1-2: Ball 2-2: Ball 3-2: Base on Balls Felipe Rivera to second
|
Batting: RHB Kekoa Kahele
|
0-0: Fielders Choice at 2nd, 5-4 (Groundball, 56, EV 89.4 MPH)
|
Top of the 2nd over - 0 runs, 0 hits, 0 errors, 2 left on base; Ogden 0 - Billings 0 |
BOTTOM OF THE 2ND |
Billings Mustangs batting - Pitching for Ogden Raptors : RHP Drew Manderfield
|
Batting: RHB Alex Nagera
|
0-0: Ball 1-0: Swinging Strike 1-1: Called Strike 1-2: Strikes out looking
|
Batting: SHB Sal Esparza
|
0-0: Foul Ball, location: 2F 0-1: Ball 1-1: Ball 2-1: Ball 3-1: Fly out, F7 (Flyball, 78S, EV 84.4 MPH)
|
Batting: RHB Juan Oliveros
|
0-0: Swinging Strike 0-1: Foul Ball, location: 2F 0-2: Ball 1-2: Foul Ball, location: 2F 1-2: Ball 2-2: Foul Ball, location: 2F 2-2: Ground out 2-3 (Groundball, 15S, EV 68.8 MPH)
|
Bottom of the 2nd over - 0 runs, 0 hits, 0 errors, 0 left on base; Ogden 0 - Billings 0 |
TOP OF THE 3RD |
Ogden Raptors batting - Pitching for Billings Mustangs : LHP Brett Blevins
|
Batting: RHB Gaylord Wray
|
0-0: Swinging Strike 0-1: Ball 1-1: Swinging Strike 1-2: Ball 2-2: Strikes out swinging
|
Batting: SHB Javy Franco
|
0-0: Ball 1-0: Foul Ball, location: 2F 1-1: Ball 2-1: Foul Ball, location: 2F 2-2: Foul Ball, location: 2F 2-2: Ball 3-2: Foul Ball, location: 2F 3-2: SINGLE (Groundball, 3D, EV 97.5 MPH)
|
Batting: SHB Erick Hamburger
|
0-0: Swinging Strike 0-1: Fielders Choice at 2nd, 3-6 (Groundball, 34, EV 82.5 MPH)
|
Batting: LHB Pedro Garza
|
0-0: Called Strike 0-1: Called Strike 0-2: Strikes out looking
|
Top of the 3rd over - 0 runs, 1 hit, 0 errors, 1 left on base; Ogden 0 - Billings 0 |
BOTTOM OF THE 3RD |
Billings Mustangs batting - Pitching for Ogden Raptors : RHP Drew Manderfield
|
Batting: RHB Ruben Cantu
|
0-0: Ball 1-0: Ball 2-0: Called Strike 2-1: Ball 3-1: DOUBLE (Line Drive, 9LS, EV 95.6 MPH)
|
Batting: RHB Jimmy Geddes
|
0-0: Called Strike 0-1: Foul Ball, location: 2F 0-2: Strikes out swinging
|
Batting: SHB Gustavo Froio
|
0-0: Ball 1-0: Ground out 2-3 (Groundball, 13S, EV 69.4 MPH) Ruben Cantu to third
|
Batting: RHB Will Trudeau
|
0-0: Called Strike 0-1: Foul Ball, location: 2F 0-2: Strikes out swinging
|
Bottom of the 3rd over - 0 runs, 1 hit, 0 errors, 1 left on base; Ogden 0 - Billings 0 |
TOP OF THE 4TH |
Ogden Raptors batting - Pitching for Billings Mustangs : LHP Brett Blevins
|
Batting: RHB Brad Brady
|
0-0: Ball 1-0: Ball 2-0: Called Strike 2-1: Ground out 4-3 (Groundball, 4, EV 84.4 MPH)
|
Batting: LHB Fernão Manta
|
0-0: Ground out 5-3 (Groundball, 5, EV 84.4 MPH)
|
Batting: RHB Felipe Rivera
|
0-0: Ball 1-0: Ball 2-0: Ball 3-0: Called Strike 3-1: Foul Ball, location: 2F 3-2: Foul Ball, location: 2F 3-2: SINGLE (Flyball, 4D, EV 93.8 MPH)
|
Batting: SHB Alex Noval
|
0-0: Swinging Strike 0-1: Swinging Strike 0-2: Ball 1-2: Ball 2-2: Strikes out swinging
|
Top of the 4th over - 0 runs, 1 hit, 0 errors, 1 left on base; Ogden 0 - Billings 0 |
BOTTOM OF THE 4TH |
Billings Mustangs batting - Pitching for Ogden Raptors : RHP Drew Manderfield
|
Batting: LHB Armando Arellano
|
0-0: Ball 1-0: Fly out, F7 (Flyball, 7, EV 97.5 MPH)
|
Batting: LHB Clint Hanninen
|
0-0: Ground out U3 (Groundball, 23, EV 79.4 MPH)
|
Batting: RHB Alex Nagera
|
0-0: Ball 1-0: Swinging Strike 1-1: Ball 2-1: Foul Ball, location: 2F 2-2: Foul Ball, location: 2F 2-2: Ball 3-2: Strikes out looking
|
Bottom of the 4th over - 0 runs, 0 hits, 0 errors, 0 left on base; Ogden 0 - Billings 0 |
TOP OF THE 5TH |
Ogden Raptors batting - Pitching for Billings Mustangs : LHP Brett Blevins
|
Batting: RHB Kekoa Kahele
|
0-0: Swinging Strike 0-1: Foul Ball, location: 2F 0-2: Foul Ball, location: 2F 0-2: Ball 1-2: Ball 2-2: Ball 3-2: Strikes out swinging
|
Pitching: RHP Finlay Clamp
|
|
Batting: RHB Gaylord Wray
|
0-0: Fly out, F9 (Flyball, 9LS, EV 90.0 MPH)
|
Batting: SHB Javy Franco
|
0-0: Ball 1-0: Called Strike 1-1: Foul Ball, location: 2F 1-2: Ball 2-2: Ball 3-2: DOUBLE (Line Drive, 9LM, EV 105.6 MPH)
|
Batting: SHB Erick Hamburger
|
0-0: DOUBLE (Groundball, 5L, EV 101.9 MPH) Javy Franco scores
|
Batting: LHB Pedro Garza
|
0-0: 2-RUN HOME RUN (Flyball, 9D, EV 98.8 MPH), Distance : 382 ft
|
Batting: RHB Brad Brady
|
0-0: Called Strike 0-1: Ball 1-1: Ball 2-1: Ball 3-1: Base on Balls
|
Batting: LHB Fernão Manta
|
0-0: Called Strike 0-1: Ball 1-1: Called Strike 1-2: Ball 2-2: Strikes out swinging
|
Top of the 5th over - 3 runs, 3 hits, 0 errors, 1 left on base; Ogden 3 - Billings 0 |
BOTTOM OF THE 5TH |
Billings Mustangs batting - Pitching for Ogden Raptors : RHP Drew Manderfield
|
Batting: SHB Sal Esparza
|
0-0: Ball 1-0: Ball 2-0: Ground out U3 (Groundball, 3L, EV 100.0 MPH)
|
Batting: RHB Juan Oliveros
|
0-0: Ball 1-0: Foul Ball, location: 2F 1-1: Foul Ball, location: 2F 1-2: Foul Ball, location: 2F 1-2: Ball 2-2: Strikes out swinging
|
Batting: RHB Ruben Cantu
|
0-0: Ball 1-0: Swinging Strike 1-1: Called Strike 1-2: Strikes out swinging
|
Bottom of the 5th over - 0 runs, 0 hits, 0 errors, 0 left on base; Ogden 3 - Billings 0 |
TOP OF THE 6TH |
Ogden Raptors batting - Pitching for Billings Mustangs : RHP Finlay Clamp
|
Pitching: RHP Boboy Cacabelos
|
|
Batting: RHB Felipe Rivera
|
0-0: Ball 1-0: Swinging Strike 1-1: SINGLE (Groundball, P, EV 86.2 MPH) (infield hit)
|
Batting: SHB Alex Noval
|
0-0: Called Strike 0-1: Foul Ball, location: 2F 0-2: Strikes out looking
|
Batting: RHB Kekoa Kahele
|
0-0: Ball 1-0: Swinging Strike 1-1: Called Strike 1-2: Strikes out swinging
|
Batting: RHB Gaylord Wray
|
0-0: Called Strike 0-1: SINGLE (Groundball, 56, EV 110.0 MPH) (infield hit) Felipe Rivera to second
|
Batting: SHB Javy Franco
|
0-0: Ball 1-0: Ball 2-0: Called Strike 2-1: Foul Ball, location: 2F 2-2: Strikes out swinging
|
Top of the 6th over - 0 runs, 2 hits, 0 errors, 2 left on base; Ogden 3 - Billings 0 |
BOTTOM OF THE 6TH |
Billings Mustangs batting - Pitching for Ogden Raptors : RHP Drew Manderfield
|
Batting: RHB Jimmy Geddes
|
0-0: Called Strike 0-1: Ball 1-1: Ball 2-1: Fly out, F8 (Flyball, 8RM, EV 93.8 MPH)
|
Batting: SHB Gustavo Froio
|
0-0: Called Strike 0-1: Foul Ball, location: 2F 0-2: Strikes out looking
|
Batting: RHB Will Trudeau
|
0-0: Swinging Strike 0-1: Swinging Strike 0-2: Ball 1-2: Foul Ball, location: 2F 1-2: Strikes out swinging
|
Bottom of the 6th over - 0 runs, 0 hits, 0 errors, 0 left on base; Ogden 3 - Billings 0 |
TOP OF THE 7TH |
Ogden Raptors batting - Pitching for Billings Mustangs : RHP Boboy Cacabelos
|
Batting: SHB Erick Hamburger
|
0-0: Ball 1-0: Called Strike 1-1: Foul Ball, location: 2F 1-2: Foul Ball, location: 2F 1-2: Foul Ball, location: 2F 1-2: Foul Ball, location: 2F 1-2: Ball 2-2: Ball 3-2: Foul Ball, location: 2F 3-2: Foul Ball, location: 2F 3-2: Foul Ball, location: 2F 3-2: Foul Ball, location: 2F 3-2: Base on Balls
|
Pitching: RHP Eudaldo Cuyco
|
|
Batting: LHB Pedro Garza
|
0-0: Ball 1-0: Ball 2-0: Ball 3-0: Called Strike 3-1: Foul Ball, location: 2F 3-2: Ground out U3 (Groundball, 3L, EV 99.4 MPH) Erick Hamburger to second
|
Batting: RHB Brad Brady
|
0-0: Called Strike 0-1: Foul Ball, location: 2F 0-2: Foul Ball, location: 2F 0-2: Strikes out swinging
|
Batting: LHB Fernão Manta
|
0-0: Ball 1-0: Foul Ball, location: 2F 1-1: Ball 2-1: Foul Ball, location: 2F 2-2: Ground out U3 (Groundball, 3S, EV 79.4 MPH)
|
Top of the 7th over - 0 runs, 0 hits, 0 errors, 1 left on base; Ogden 3 - Billings 0 |
BOTTOM OF THE 7TH |
Billings Mustangs batting - Pitching for Ogden Raptors : RHP Drew Manderfield
|
Batting: LHB Armando Arellano
|
0-0: Ball 1-0: Ball 2-0: Called Strike 2-1: Ball 3-1: Called Strike 3-2: Base on Balls
|
Pitching: RHP Mike Barnhill
|
|
Batting: LHB Clint Hanninen
|
0-0: Ball 1-0: 2-RUN HOME RUN (Flyball, 7D, EV 97.5 MPH), Distance : 383 ft
|
Batting: RHB Alex Nagera
|
0-0: Called Strike 0-1: Foul Ball, location: 2F 0-2: Ball 1-2: Ball 2-2: Ground out 4-3 (Groundball, 4M, EV 106.9 MPH)
|
Batting: SHB Sal Esparza
|
0-0: Fly out, F9 (Flyball, 9D, EV 98.8 MPH)
|
Batting: RHB Juan Oliveros
|
0-0: Ball 1-0: Ball 2-0: Called Strike 2-1: Ball 3-1: Fly out, F9 (Flyball, 89D, EV 101.9 MPH)
|
Bottom of the 7th over - 2 runs, 1 hit, 0 errors, 0 left on base; Ogden 3 - Billings 2 |
TOP OF THE 8TH |
Ogden Raptors batting - Pitching for Billings Mustangs : RHP Eudaldo Cuyco
|
Batting: RHB Felipe Rivera
|
0-0: Called Strike 0-1: Ball 1-1: Foul Ball, location: 2F 1-2: Ball 2-2: Foul Ball, location: 2F 2-2: Ball 3-2: Base on Balls
|
Pitching: RHP Tahir Montazeri
|
|
Batting: SHB Alex Noval
|
0-0: Ball 1-0: Ball 2-0: Ball 3-0: Base on Balls Felipe Rivera to second
|
Batting: RHB Kekoa Kahele
|
0-0: Bunt missed! 0-1: Bunted foul 0-2: Ball 1-2: SINGLE (Line Drive, 7LS, EV 93.1 MPH) Felipe Rivera to third Alex Noval to second Runner from 3rd tries for Home, SAFE, throw by LF to home
|
Batting: RHB Gaylord Wray
|
0-0: Called Strike 0-1: Called Strike 0-2: Fly out, F9 (Flyball, 9S, EV 87.5 MPH)
|
Batting: SHB Javy Franco
|
0-0: Ball 1-0: Called Strike 1-1: Ball 2-1: Ball 3-1: Swinging Strike 3-2: Foul Ball, location: 2F 3-2: Base on Balls Alex Noval to third Kekoa Kahele to second
|
Pitching: RHP Cortez Restrepo
|
|
Batting: SHB Erick Hamburger
|
0-0: Ball 1-0: Foul Ball, location: 2F 1-1: Ball 2-1: Ball 3-1: DOUBLE (Flyball, 89XD, EV 110.6 MPH) Alex Noval scores Kekoa Kahele scores Javy Franco to third Runner from 3rd tries for Home, SAFE, no throw by RF
|
Batting: LHB Pedro Garza
|
0-0: Ball 1-0: Fly out, F7 (Flyball, BS1, EV 96.9 MPH)
|
Batting: RHB Brad Brady
|
0-0: Called Strike 0-1: Ground out 5-3 (Groundball, 5L, EV 104.4 MPH)
|
Top of the 8th over - 4 runs, 2 hits, 0 errors, 1 left on base; Ogden 7 - Billings 2 |
BOTTOM OF THE 8TH |
Billings Mustangs batting - Pitching for Ogden Raptors : RHP Mike Barnhill
|
Batting: RHB Ruben Cantu
|
0-0: Ball 1-0: Called Strike 1-1: Called Strike 1-2: Ground out 5-3 (Groundball, 5, EV 82.5 MPH)
|
Pinch Hitting: RHB Rich Vanegas
|
0-0: Called Strike 0-1: Foul Ball, location: 2F 0-2: Foul Ball, location: 2F 0-2: DOUBLE (Line Drive, 78M, EV 100.0 MPH)
|
Batting: SHB Gustavo Froio
|
0-0: Called Strike 0-1: Foul Ball, location: 2F 0-2: Strikes out swinging
|
Batting: RHB Will Trudeau
|
0-0: Ball 1-0: Called Strike 1-1: Ball 2-1: Foul Ball, location: 2F 2-2: Foul Ball, location: 2F 2-2: Strikes out swinging
|
Bottom of the 8th over - 0 runs, 1 hit, 0 errors, 1 left on base; Ogden 7 - Billings 2 |
TOP OF THE 9TH |
Ogden Raptors batting - Pitching for Billings Mustangs : RHP Cortez Restrepo
|
Now at 1B: Rich Vanegas
|
|
Batting: LHB Fernão Manta
|
0-0: Foul Ball, location: 2F 0-1: Ball 1-1: Ground out 5-3 (Groundball, 6, EV 103.8 MPH)
|
Batting: RHB Felipe Rivera
|
0-0: Foul Ball, location: 2F 0-1: Called Strike 0-2: Ball 1-2: Strikes out swinging passed ball, reaches first!
|
Batting: SHB Alex Noval
|
0-0: Called Strike 0-1: Ball 1-1: Ball Felipe Rivera steals 2nd base 2-1: Foul Ball, location: 2F 2-2: Strikes out looking
|
Pitching: RHP Jeff Buchanan
|
|
Batting: RHB Kekoa Kahele
|
0-0: Ball 1-0: Foul Ball, location: 2F 1-1: Called Strike 1-2: Fly out, F7 (Line Drive, 78M, EV 104.4 MPH)
|
Top of the 9th over - 0 runs, 0 hits, 0 errors, 1 left on base; Ogden 7 - Billings 2 |
BOTTOM OF THE 9TH |
Billings Mustangs batting - Pitching for Ogden Raptors : RHP Mike Barnhill
|
Batting: LHB Armando Arellano
|
0-0: Ball 1-0: Called Strike 1-1: Foul Ball, location: 2F 1-2: Ball 2-2: DOUBLE (Line Drive, 78D, EV 106.2 MPH)
|
Batting: LHB Clint Hanninen
|
0-0: Ball 1-0: Ground out 4-3 (Groundball, 4, EV 105.0 MPH) Armando Arellano to third
|
Batting: RHB Alex Nagera
|
0-0: Foul Ball, location: 2F 0-1: Ball 1-1: Fly out, F7 (Flyball, 7D, EV 91.9 MPH) Runner from 3rd tags up, SCORES, no throw by LF
|
Batting: SHB Sal Esparza
|
0-0: Ball 1-0: Foul Ball, location: 2F 1-1: Foul Ball, location: 2F 1-2: Ball 2-2: Strikes out swinging
|
Bottom of the 9th over - 1 run, 1 hit, 0 errors, 0 left on base; Ogden 7 - Billings 3 |
|